[Event "ICC tourney 1901 (45 10)"]
[Site "Internet Chess Club"]
[Date "2020.07.04"]
[Round "4"]
[White "MrNormalName"]
[Black "Venom2020"]
[Result "1/2-1/2"]
[ICCResult "Game drawn by mutual agreement"]
[WhiteElo "1610"]
[BlackElo "1587"]
[Opening "Dutch: Leningrad, main variation with c6"]
[ECO "A88"]
[NIC "HD.06"]
[Time "18:31:17"]
[TimeControl "2700+10"]

1. d4 f5 2. g3 Nf6 3. Bg2 g6 4. Nf3 Bg7 5. O-O O-O 6. c4 d6 7. Nc3 c6 8. d5
e5 9. dxe6 Bxe6 10. b3 Na6 11. Ng5 Qe7 12. Bb2 Rad8 13. Nxe6 Qxe6 14. Qc2
Rfe8 15. Rad1 Nc5 16. Bf3 a5 17. Kg2 Nfe4 18. Kg1 Qe7 19. Rfe1 Rd7 20. e3
Qf7 21. Ne2 Bf6 22. h4 Qg7 23. Bxf6 Qxf6 24. Kg2 Kg7 25. a3 Qe5 26. b4 axb4
27. axb4 Na6 28. Qb3 Ree7 29. Rd4 Nxb4 30. Qxb4 c5 31. Qa4 cxd4 32. exd4 Qf6
33. Nf4 Qf7 34. d5 Nc5 35. Qa1+ Qf6 36. Rxe7+ Rxe7 37. Qa8 Qf8
{Game drawn by mutual agreement}
1/2-1/2

[Event "ICC tourney 1901 (45 10)"]
[Site "Internet Chess Club"]
[Date "2020.07.04"]
[Round "4"]
[White "SilentFog"]
[Black "danbron"]
[Result "1-0"]
[ICCResult "Black resigns"]
[WhiteElo "1813"]
[BlackElo "1598"]
[Opening "Nimzovich-Larsen attack: Indian variation"]
[ECO "A01"]
[NIC "VO.08"]
[Time "18:30:50"]
[TimeControl "2700+10"]

1. b3 Nf6 2. Bb2 g6 3. Bxf6 exf6 4. c4 Bg7 5. Nc3 f5 6. Rc1 c5 7. g3 Nc6 8.
Bg2 d6 9. e3 O-O 10. Nge2 Re8 11. O-O Qc7 12. d4 a6 13. Qd2 Rb8 14. Nd5 Qd8
15. Rfd1 Be6 16. Ndc3 cxd4 17. exd4 Ne7 18. c5 dxc5 19. dxc5 Qxd2 20. Rxd2
Nc6 21. Nf4 Nd4 22. Nce2 Red8 23. Nxd4 Rxd4 24. Re2 Bd7 25. Nd5 Bb5 26. Ree1
Kf8 27. Rcd1 Bc6 28. Nb6 Rbd8 29. Rxd4 Bxd4 30. Bxc6 bxc6 31. Rc1 Kg7 32.
Kg2 Re8 33. Rc4 Bb2 34. Kf3 Re1 35. Ra4 Re5 36. Nc4 {Black resigns} 1-0

[Event "ICC tourney 1901 (45 10)"]
[Site "Internet Chess Club"]
[Date "2020.07.04"]
[Round "4"]
[White "BrainOnFire"]
[Black "savchess06"]
[Result "1-0"]
[ICCResult "Black checkmated"]
[WhiteElo "1552"]
[BlackElo "1365"]
[Opening "Bogo-Indian defense, Nimzovich variation"]
[ECO "E11"]
[NIC "QI.01"]
[Time "18:30:32"]
[TimeControl "2700+10"]

1. d4 Nf6 2. Nf3 e6 3. c4 Bb4+ 4. Bd2 Qe7 5. Nc3 d6 6. Qa4+ Nc6 7. d5 exd5
8. cxd5 Bxc3 9. Bxc3 Nxd5 10. Bxg7 Rg8 11. Bh6 Qf6 12. Bc1 Be6 13. g3 O-O-O
14. Bg2 Nb6 15. Qd1 h5 16. h4 Rde8 17. O-O Bg4 18. Kh2 Qe7 19. Re1 Ne5 20.
Nxe5 Qxe5 21. Qc2 Qf6 22. Bf4 Bf5 23. e4 Be6 24. Bxd6 Nc4 25. Ba3 Ne5 26.
Rac1 c6 27. f4 Ng4+ 28. Kh1 Qd8 29. Red1 Qa5 30. Qe2 Rd8 31. Bd6 Qb6 32. Rd2
Bxa2 33. Bc5 Qb3 34. Rc3 Qe6 35. Bxa7 Rxd2 36. Qxd2 Rd8 37. Rd3 Re8 38. Bb6
Qe7 39. b3 f5 40. e5 Nh6 41. Qxa2 Qb4 42. Qa8# {Black checkmated} 1-0

[Event "ICC tourney 1901 (45 10)"]
[Site "Internet Chess Club"]
[Date "2020.07.04"]
[Round "4"]
[White "ChessDex"]
[Black "AlohaKauai"]
[Result "0-1"]
[ICCResult "White checkmated"]
[WhiteElo "1516"]
[BlackElo "1461"]
[Opening "Scandinavian defense"]
[ECO "B01"]
[NIC "SD.03"]
[Time "18:30:50"]
[TimeControl "2700+10"]

1. e4 d5 2. exd5 Nf6 3. Bb5+ Bd7 4. Be2 Nxd5 5. d4 e6 6. Nf3 Bd6 7. c4 Nf4
8. Bf1 Ng6 9. h4 h5 10. Bg5 Be7 11. Bd3 Bxg5 12. Nxg5 Qf6 13. Nc3 Qxd4 14.
Nxf7 Nf4 15. O-O Rf8 16. Be4 Qxd1 17. Raxd1 Rxf7 18. g3 Bc6 19. gxf4 Bxe4
20. Nxe4 Rxf4 21. Nc5 Rg4+ 22. Kh2 Rxh4+ 23. Kg3 Rxc4 24. Nxe6 Kf7 25. Rfe1
Na6 26. Rd7+ Kf6 27. Nf4 Nc5 28. Nxh5+ Kg6 29. Nf4+ Rxf4 30. Rxc7 Rf5 31.
Ree7 Rg8 32. b4 Nd3 33. f3 Ne5 34. f4 Nd3 35. Rxb7 Nxf4 36. Rxa7 Nh5+ 37.
Kg2 Rd8 38. Re6+ Kg5 39. Kg1 Rd1+ 40. Kh2 Rf2+ 41. Kh3 Rh1# {White
checkmated} 0-1

[Event "ICC tourney 1901 (45 10)"]
[Site "Internet Chess Club"]
[Date "2020.07.04"]
[Round "4"]
[White "GeneraLisimus"]
[Black "gmRohde"]
[Result "1-0"]
[ICCResult "Black resigns"]
[WhiteElo "2183"]
[BlackElo "1716"]
[Opening "Sicilian defense"]
[ECO "B40"]
[NIC "SI.43"]
[Time "18:30:33"]
[TimeControl "2700+10"]

1. e4 c5 2. Nf3 e6 3. c3 d5 4. exd5 exd5 5. d4 Nc6 6. Bb5 Bd6 7. O-O Ne7 8.
dxc5 Bxc5 9. Nbd2 O-O 10. Nb3 Bd6 11. Bd3 Qc7 12. h3 Ne5 13. Bc2 Bd7 14. Re1
N5g6 15. Nbd4 Rae8 16. Be3 a6 17. Qd3 Nc6 18. Nxc6 Bxc6 19. Qf5 Bf4 20. Bd4
Qd6 21. Qh5 Bh6 22. Ne5 Nf4 23. Qf3 Bb5 24. Rad1 Be2 25. Rxe2 Nxe2+ 26. Qxe2
f6 27. Qd3 fxe5 28. Qxh7+ Kf7 29. Be3 Bxe3 30. fxe3 Qh6 31. Bg6+ Qxg6 32.
Rf1+ Qf6 33. Rxf6+ Kxf6 34. Qh5 Rf7 35. h4 Rfe7 36. a4 Rd8 37. a5 Ke6 38.
Qg4+ Kf7 39. h5 Rd6 40. Qc8 Red7 41. c4 dxc4 42. Qxc4+ Kf6 43. Qe4 Rf7 44.
Kh2 Ke6 45. Qc4+ Ke7 46. Qb4 Ke6 47. Qb3+ Kf6 48. g4 Rfd7 49. Kg3 Rd3 50.
Qb6+ R7d6 51. Qc5 Rd1 52. Qc8 Rd7 53. Qe8 Rg1+ 54. Kf2 Rdd1 55. Qg6+ Ke7 56.
Qxg7+ Kd6 57. Kf3 Kc6 58. h6 Rd7 59. Qg6+ Kb5 60. Qe8 Kc6 61. h7 Rh1 62.
h8=Q {Black resigns} 1-0

[Event "ICC tourney 1901 (45 10)"]
[Site "Internet Chess Club"]
[Date "2020.07.04"]
[Round "4"]
[White "hoshibosh"]
[Black "blueeagle405"]
[Result "1-0"]
[ICCResult "Black checkmated"]
[WhiteElo "1599"]
[BlackElo "1497"]
[Opening "Sicilian: Nimzovich-Rossolimo attack (without ...d6)"]
[ECO "B30"]
[NIC "SI.31"]
[Time "18:30:41"]
[TimeControl "2700+10"]

1. e4 c5 2. Nf3 Nc6 3. Bb5 e6 4. O-O Nge7 5. c3 a6 6. Ba4 b5 7. Bc2 d5 8. d4
cxd4 9. Nxd4 Bb7 10. Re1 Nxd4 11. cxd4 dxe4 12. Bxe4 Bxe4 13. Rxe4 Nd5 14.
Nc3 Be7 15. Nxd5 Qxd5 16. Re5 Qd7 17. Be3 O-O 18. Qf3 Rad8 19. Rd1 f5 20. d5
f4 21. Bb6 Rb8 22. Rxe6 Bd6 23. Bd4 Rf5 24. Qe4 Rbf8 25. f3 Rg5 26. a3 Rff5
27. Bf2 Kf7 28. Re1 Rxd5 29. Qxh7 Qxe6 30. Rxe6 Kxe6 31. Qg8+ Kd7 32. h4
Rd1+ 33. Kh2 Rgd5 34. Qxg7+ Be7 35. Qg4+ Kd8 36. Bb6+ Ke8 37. b4 R1d2 38.
Kh3 Rd1 39. Qg8+ Kd7 40. Kh2 R5d2 41. Bc5 Bd8 42. h5 Rd5 43. Qf7+ Kc6 44. h6
Bh4 45. Qxf4 Rh5 46. Qe4+ Kc7 47. Qg6 Rdd5 48. g4 Rhe5 49. Kh3 Bd8 50. h7
Re1 51. h8=Q Rh1+ 52. Kg2 Rxh8 53. Qg7+ Kc8 54. Qxh8 Rd3 55. g5 Rd5 56. f4
a5 57. g6 axb4 58. axb4 Kd7 59. g7 Bf6 60. Qh3+ Kc7 61. g8=Q Rd2+ 62. Kf1
Rd1+ 63. Ke2 Rd8 64. Qhh7+ Rd7 65. Bb6+ Kxb6 66. Qxd7 Bc3 67. Qb8+ Ka6 68.
Qda7# {Black checkmated} 1-0

[Event "ICC tourney 1901 (45 10)"]
[Site "Internet Chess Club"]
[Date "2020.07.04"]
[Round "5"]
[White "GGuseinov"]
[Black "GeneraLisimus"]
[Result "1/2-1/2"]
[ICCResult "Game drawn by mutual agreement"]
[WhiteElo "1868"]
[BlackElo "2161"]
[Opening "Sicilian: Nimzovich-Rossolimo attack (with ...g6, without ...d6)"]
[ECO "B31"]
[NIC "SI.31"]
[Time "21:00:11"]
[TimeControl "2700+10"]

1. e4 c5 2. Nf3 Nc6 3. Bb5 g6 4. Bxc6 dxc6 5. O-O Bg7 6. d3 Nf6 7. Nc3 Nd7
8. Be3 e5 9. a4 a5 10. Nd2 O-O 11. Nc4 b6 12. Qd2 Ba6
{Game drawn by mutual agreement}
1/2-1/2

[Event "ICC tourney 1901 (45 10)"]
[Site "Internet Chess Club"]
[Date "2020.07.04"]
[Round "5"]
[White "rtahmass"]
[Black "HR2005"]
[Result "1-0"]
[ICCResult "Black resigns"]
[WhiteElo "1544"]
[BlackElo "1341"]
[Opening "Sicilian: Najdorf, 6...e6"]
[ECO "B95"]
[NIC "SI.04"]
[Time "21:00:09"]
[TimeControl "2700+10"]

1. e4 c5 2. Nf3 d6 3. d4 cxd4 4. Nxd4 Nf6 5. Nc3 a6 6. Bg5 e6 7. Qe2 Be7 8.
f4 Qc7 9. O-O-O Nbd7 10. g4 h6 11. Bh4 b5 12. Bg2 Bb7 13. e5 dxe5 14. fxe5
Ng8 15. Bxe7 Nxe7 16. Ndxb5 axb5 17. Nxb5 Qxe5 18. Qxe5 Nxe5 19. Nc7+ Kf8
20. Nxa8 Nd5 21. Nc7 Nxg4 22. Nxd5 Bxd5 23. Bxd5 Ne3 24. Bf3 Nxd1 25. Rxd1
Ke7 26. a4 f5 27. a5 e5 28. Bb7 e4 29. a6 Kf6 30. a7 Ke5 31. a8=Q Rxa8 32.
Bxa8 g5 33. Kd2 f4 34. Ke2 h5 35. Rd5+ Kf6 36. h4 g4 37. Rxh5 g3 38. Bxe4
{Black resigns}
1-0

[Event "ICC tourney 1901 (45 10)"]
[Site "Internet Chess Club"]
[Date "2020.07.04"]
[Round "5"]
[White "mopaska1106"]
[Black "chessmate09520"]
[Result "0-1"]
[ICCResult "White resigns"]
[WhiteElo "1490"]
[BlackElo "1446"]
[Opening "King's Indian: Four pawns attack"]
[ECO "A68"]
[NIC "BI.30"]
[Time "21:00:10"]
[TimeControl "2700+10"]

1. d4 Nf6 2. c4 g6 3. Nc3 Bg7 4. e4 d6 5. f4 c5 6. d5 O-O 7. Nf3 e6 8. Be2
exd5 9. cxd5 Bg4 10. O-O Nbd7 11. a4 Re8 12. h3 Bxf3 13. Bxf3 a6 14. g4 Nf8
15. g5 N6d7 16. Be3 Rb8 17. Qd3 b5 18. axb5 axb5 19. Ra6 c4 20. Qc2 Nc5 21.
Bxc5 dxc5 22. e5 Qc8 23. Rfa1 Qxh3 24. Qg2 Qf5 25. Qd2 h6 26. gxh6 Bxh6 27.
Rf6 Qxe5 28. fxe5 Bxd2 29. Ra7 Rxe5 30. Rfxf7 Bh6 31. Ne4 Bg5 32. Nxc5 Be3+
{White resigns}
0-1

[Event "ICC tourney 1901 (45 10)"]
[Site "Internet Chess Club"]
[Date "2020.07.04"]
[Round "5"]
[White "AlohaKauai"]
[Black "hilariouspanda"]
[Result "1/2-1/2"]
[ICCResult "Game drawn by repetition"]
[WhiteElo "1453"]
[BlackElo "1415"]
[Opening "Sicilian: closed, 6.f4 e5 (Botvinnik)"]
[ECO "B25"]
[NIC "SI.45"]
[Time "21:01:01"]
[TimeControl "2700+10"]

1. Nc3 c5 2. g3 g6 3. Bg2 Bg7 4. e4 Nc6 5. d3 d6 6. f4 e5 7. Nf3 Nge7 8. a3
O-O 9. O-O f5 10. Rb1 a5 11. h3 Nd4 12. Nxd4 cxd4 13. Ne2 Rb8 14. c3 Nc6 15.
cxd4 Nxd4 16. Nxd4 exd4 17. b4 b5 18. Qb3+ Kh8 19. bxa5 Qxa5 20. Qb4 Qa6 21.
Bb2 fxe4 22. Bxe4 Bxh3 23. Rfc1 Rfc8 24. Bxd4 Be6 25. Bxg7+ Kxg7 26. Qd4+
Kg8 27. Bd5 Bxd5 28. Qxd5+ Kh8 29. Qd4+ Kg8 30. Qd5+ Kh8 31. Qd4+ Kg8 32.
Qd5+ {Game drawn by repetition} 1/2-1/2

[Event "ICC tourney 1901 (45 10)"]
[Site "Internet Chess Club"]
[Date "2020.07.04"]
[Round "5"]
[White "Chesslegend21"]
[Black "SilentFog"]
[Result "1/2-1/2"]
[ICCResult "Game drawn by repetition"]
[WhiteElo "1665"]
[BlackElo "1798"]
[Opening "Kevitz-Trajkovich defense"]
[ECO "A50"]
[NIC "QP.07"]
[Time "21:00:28"]
[TimeControl "2700+10"]

1. d4 Nf6 2. c4 Nc6 3. Nc3 e5 4. d5 Ne7 5. e4 Ng6 6. g3 Bc5 7. Bg2 a6 8. Nf3
O-O 9. O-O d6 10. Qd3 Nh5 11. Be3 Bxe3 12. Qxe3 f5 13. exf5 Bxf5 14. Qg5
Qxg5 15. Nxg5 Rae8 16. Be4 Bd7 17. Rad1 Nf6 18. Bg2 Bg4 19. Rde1 h6 20. Nge4
Nxe4 21. Bxe4 Ne7 22. Kg2 Bd7 23. f3 b5 24. cxb5 axb5 25. a3 Rb8 26. Na2 c5
27. dxc6 Nxc6 28. Bd5+ Kh7 29. Be4+ g6 30. Rc1 Rbc8 31. Bxc6 Bxc6 32. Nb4
Bb7 33. Rxc8 Rxc8 34. Rd1 d5 35. Nxd5 Rc2+ 36. Kg1 Rxb2 37. Nf6+ Kg7 38.
Rd7+ Kxf6 39. Rxb7 Rb3 40. Kg2 h5 41. h4 Kf5 42. Rb6 Rxa3 43. Rxb5 Ra2+ 44.
Kh3 Kf6 45. Rb6+ Kf7 46. Rb7+ Kf6 47. Rb6+ Kf7 48. Rb7+ Kf6 49. Rb6+ Kf7
{Game drawn by repetition}
1/2-1/2

[Event "ICC tourney 1901 (45 10)"]
[Site "Internet Chess Club"]
[Date "2020.07.04"]
[Round "5"]
[White "danbron"]
[Black "ganzy"]
[Result "1-0"]
[ICCResult "Black resigns"]
[WhiteElo "1620"]
[BlackElo "1493"]
[Opening "Sicilian: Pelikan, Chelyabinsk variation"]
[ECO "B33"]
[NIC "SI.37"]
[Time "21:00:22"]
[TimeControl "2700+10"]

1. e4 c5 2. Nf3 Nc6 3. d4 cxd4 4. Nxd4 Nf6 5. Nc3 e5 6. Ndb5 d6 7. Bg5 a6 8.
Na3 b5 9. Nd5 Be7 10. Bxf6 Bxf6 11. c3 O-O 12. Nc2 Bg5 13. a4 bxa4 14. Rxa4
a5 15. Bc4 Bd7 16. Nce3 Kh8 17. O-O g6 18. b4 axb4 19. Rxa8 Qxa8 20. Nb6 Qb7
21. Qxd6 Rd8 22. Nxd7 Qxd7 23. Qxd7 Rxd7 24. Bb5 Bxe3 25. Bxc6 Rc7 26. fxe3
Rxc6 27. cxb4 Rc4 28. b5 Kg7 29. Rb1 Rc7 30. Kf2 Kf6 31. Ke2 Ke6 32. b6 Rb7
33. Kd3 Kd6 34. Kc4 Kc6 35. Rb5 Kd6 36. Rd5+ Kc6 37. Rc5+ Kd6 38. Kb5 f5 39.
Rd5+ Ke6 40. Ka6 Re7 41. b7 Re8 42. Ka7 fxe4 43. Rb5 {Black resigns} 1-0

[Event "ICC tourney 1901 (45 10)"]
[Site "Internet Chess Club"]
[Date "2020.07.04"]
[Round "5"]
[White "Brian6712"]
[Black "Chessking2008"]
[Result "0-1"]
[ICCResult "White forfeits on time"]
[WhiteElo "1478"]
[BlackElo "1597"]
[Opening "R?ti opening"]
[ECO "A30"]
[NIC "TD.06"]
[Time "21:00:13"]
[TimeControl "2700+10"]

1. Nf3 c5 2. c4 Nf6 3. Nc3 e6 4. e3 d5 5. cxd5 exd5 6. d4 Nc6 7. Be2 cxd4 8.
Nxd4 Bb4 9. O-O Bxc3 10. bxc3 O-O 11. Ba3 Re8 12. c4 Ne4 13. Bb2 dxc4 14.
Bxc4 Nxd4 15. Bxd4 Be6 16. Bd3 Bf5 17. Qf3 Bg6 18. Rfd1 Qa5 19. Qh3 Rad8 20.
Bf1 Ng5 21. Qg3 Ne6 22. Qe5 Rd5 23. Qg3 Red8 24. Qh4 Nxd4 25. exd4 Bc2 26.
Re1 h6 27. Qe7 R5d7 28. Qe5 Qa3 29. Reb1 Bxb1 30. Rxb1 Rxd4 31. Rxb7 Rd1 32.
Qe2 Qc1 33. h3 Rxf1+ 34. Kh2 Qf4+ {White forfeits on time} 0-1

[Event "ICC tourney 1901 (45 10)"]
[Site "Internet Chess Club"]
[Date "2020.07.04"]
[Round "5"]
[White "blueeagle405"]
[Black "IAlwaysWin"]
[Result "1-0"]
[ICCResult "Black forfeits on time"]
[WhiteElo "1562"]
[BlackElo "1800"]
[Opening "QGD: 3.Nc3"]
[ECO "D31"]
[NIC "QP.08"]
[Time "21:00:09"]
[TimeControl "2700+10"]

1. d4 d5 2. c4 e6 3. Nc3 Bb4 4. e3 Ne7 5. Nf3 O-O 6. Bd3 c5 7. O-O Nbc6 8.
a3 Bxc3 9. bxc3 b6 10. cxd5 exd5 11. dxc5 bxc5 12. c4 d4 13. exd4 cxd4 14.
Bb2 g6 15. Be4 Rb8 16. Bxd4 Nxd4 17. Nxd4 Ba6 18. Rc1 Qa5 19. Qf3 Rbc8 20.
Nc6 Nxc6 21. Bxc6 Rc7 22. h3 Rfc8 23. Bd5 Qc5 24. Rfe1 Qf8 25. Qc3 Qd6 26.
Qf3 Qf8 27. Re4 Re7 28. Rce1 Rce8 29. Qxf7+ {Black forfeits on time} 1-0

[Event "ICC tourney 1901 (45 10)"]
[Site "Internet Chess Club"]
[Date "2020.07.04"]
[Round "5"]
[White "bpovo1394"]
[Black "jy2020"]
[Result "1-0"]
[ICCResult "Black checkmated"]
[WhiteElo "1726"]
[BlackElo "1640"]
[Opening "Sicilian: Canal-Sokolsky (Nimzovich-Rossolimo, Moscow) attack"]
[ECO "B51"]
[NIC "SI.01"]
[Time "21:00:07"]
[TimeControl "2700+10"]

1. e4 c5 2. Nf3 d6 3. Bb5+ Nd7 4. O-O a6 5. Bd3 Ngf6 6. Re1 b5 7. c3 Bb7 8.
a4 c4 9. Be2 Bxe4 10. axb5 axb5 11. Rxa8 Qxa8 12. Na3 Qb7 13. Nd4 Bxg2 14.
Naxb5 Bd5 15. Bxc4 e5 16. Nf5 Qc6 17. Qa4 Bh1 18. Nbxd6+ Bxd6 19. Qxc6 Bxc6
20. Nxd6+ Ke7 21. Nxf7 Rf8 22. Nxe5 Nxe5 23. Rxe5+ Kd6 24. d4 Nd5 25. b3 Ra8
26. Bxd5 Bxd5 27. c4 Bf3 28. Bf4 Kd7 29. h3 h6 30. h4 Ra6 31. b4 Rg6+ 32.
Bg3 Ra6 33. Ra5 Re6 34. Ra7+ Ke8 35. Be5 Rg6+ 36. Kf1 Rg4 37. Rxg7 Rxh4 38.
Ke1 Re4+ 39. Kd2 Re2+ 40. Kd3 Rxf2 41. d5 Rf1 42. d6 Rd1+ 43. Ke3 Bh1 44.
Ke2 Rc1 45. d7+ Kd8 46. Bf6+ Kc7 47. d8=Q+ Kc6 48. Rc7+ Kb6 49. Qb8+ Ka6 50.
Ra7# {Black checkmated} 1-0

[Event "ICC tourney 1901 (45 10)"]
[Site "Internet Chess Club"]
[Date "2020.07.04"]
[Round "5"]
[White "Xuanli28"]
[Black "woodychess"]
[Result "1-0"]
[ICCResult "Black checkmated"]
[WhiteElo "1749"]
[BlackElo "1580"]
[Opening "Sicilian: Canal-Sokolsky (Nimzovich-Rossolimo, Moscow) attack"]
[ECO "B51"]
[NIC "SI.01"]
[Time "21:00:19"]
[TimeControl "2700+10"]

1. e4 c5 2. Nf3 d6 3. Bb5+ Nd7 4. d4 cxd4 5. Nxd4 Nf6 6. Nc3 a6 7. Bc4 g6 8.
Qe2 Ne5 9. Bb3 Bg7 10. Bg5 O-O 11. O-O-O Qa5 12. Bxf6 exf6 13. f4 Bg4 14.
Nf3 Nxf3 15. gxf3 Bh5 16. Rxd6 Qc7 17. Rhd1 Bh6 18. Rxf6 Bxf4+ 19. Kb1 Be5
20. Nd5 Qc5 21. Rb6 Rad8 22. Rxb7 Bg7 23. Rc7 Qa5 24. Rc6 Rfe8 25. Qf2 Qb5
26. Rc4 Kh8 27. c3 a5 28. Rf1 Be5 29. f4 Bg7 30. Nc7 Qd7 31. Nxe8 Qd3+ 32.
Ka1 Rxe8 33. e5 g5 34. Rd4 Qa6 35. Rd6 Qb5 36. e6 a4 37. exf7 Rb8 38. Rd4
axb3 39. Rb4 Qxb4 40. cxb4 Ra8 41. fxg5 Rxa2+ 42. Kb1 Bg6+ 43. Kc1 Ra1+ 44.
Kd2 Ra8 45. Qc5 Rd8+ 46. Kc1 Rf8 47. Qe7 h6 48. gxh6 Bxh6+ 49. Kd1 Kg7 50.
b5 Bd3 51. Rg1+ Kh8 52. Rg8+ Rxg8 53. fxg8=Q+ Kxg8 54. Qd8+ Kf7 55. Qxd3 Bf4
56. Qf5+ Ke7 57. Qxf4 Ke6 58. h4 Kd5 59. h5 Kc5 60. h6 Kb6 61. h7 Kc5 62.
h8=Q Kb6 63. Qd6+ Ka5 64. Qa8+ Kxb5 65. Qaa6# {Black checkmated} 1-0

[Event "ICC tourney 1901 (45 10)"]
[Site "Internet Chess Club"]
[Date "2020.07.04"]
[Round "5"]
[White "shianen"]
[Black "BrainOnFire"]
[Result "1/2-1/2"]
[ICCResult "Game drawn by repetition"]
[WhiteElo "1592"]
[BlackElo "1555"]
[Opening "Queen's Indian: Petrosian system"]
[ECO "E12"]
[NIC "QI.04"]
[Time "21:00:25"]
[TimeControl "2700+10"]

1. d4 Nf6 2. c4 e6 3. Nf3 b6 4. a3 Bb7 5. Nc3 Be7 6. d5 O-O 7. e4 exd5 8.
exd5 Re8 9. Be2 a5 10. O-O Bf8 11. Re1 Na6 12. Bg5 h6 13. Bh4 g5 14. Bg3 Nh5
15. Nd4 Nxg3 16. hxg3 Qf6 17. g4 h5 18. Nf5 Re5 19. Bd3 Rxe1+ 20. Qxe1 hxg4
21. Qe2 Nc5 22. Bc2 c6 23. Re1 cxd5 24. cxd5 Ba6 25. Qxg4 Bd3 26. Bxd3 Nxd3
27. Ne4 Qg6 28. Re3 Nxb2 29. Neg3 Rc8 30. Qe4 Rc1+ 31. Re1 Rxe1+ 32. Qxe1
Nc4 33. Qe8 Qf6 34. Qxd7 Qa1+ 35. Kh2 Qh8+ 36. Kg1 Qa1+ 37. Kh2 Qh8+ 38. Kg1
Qa1+ {Game drawn by repetition} 1/2-1/2

[Event "ICC tourney 1901 (45 10)"]
[Site "Internet Chess Club"]
[Date "2020.07.04"]
[Round "5"]
[White "Aleksandrov73"]
[Black "EzWin4All"]
[Result "0-1"]
[ICCResult "White forfeits on time"]
[WhiteElo "1678"]
[BlackElo "1689"]
[Opening "Nimzo-Indian: 4.e3 O-O, 5.Bd3"]
[ECO "E47"]
[NIC "NI.11"]
[Time "21:00:26"]
[TimeControl "2700+10"]

1. d4 e6 2. c4 Nf6 3. Nc3 Bb4 4. e3 O-O 5. Bd3 Re8 6. Ne2 d5 7. O-O Nbd7 8.
a3 Bf8 9. b4 b6 10. cxd5 exd5 11. Qb3 Bb7 12. b5 c5 13. bxc6 Bxc6 14. a4 Bd6
15. h3 Ne4 16. Nxe4 dxe4 17. Bc4 Qe7 18. Nc3 Rac8 19. Ba6 Rc7 20. Bd2 Bb7
21. Bxb7 Rxb7 22. a5 Nf6 23. a6 Rd7 24. Nb5 Bb8 25. Rfc1 Nd5 26. Rc6 f5 27.
Rac1 h6 28. Rc8 Kh7 29. R1c6 Red8 30. Qc4 Qf8 31. Bc1 Qb4 32. Nc3 Rxc8 33.
Rxc8 Qxc3 34. Qxc3 Nxc3 35. Rxc3 Rc7 36. Rxc7 Bxc7 37. Ba3 Kg6 38. g4 Kf6
39. gxf5 Kxf5 40. Kg2 g5 41. f3 h5 42. Be7 exf3+ 43. Kxf3 g4+ 44. hxg4+
hxg4+ 45. Ke2 Ke4 46. Kf2 Kd5 47. Ke2 Kc4 48. Bf6 b5 49. e4 b4 50. d5 b3 51.
Bb2 Bf4 {White forfeits on time} 0-1

[Event "ICC tourney 1901 (45 10)"]
[Site "Internet Chess Club"]
[Date "2020.07.04"]
[Round "5"]
[White "Chessulanru2020"]
[Black "penguinwizard"]
[Result "1/2-1/2"]
[ICCResult "Game drawn by mutual agreement"]
[WhiteElo "1587"]
[BlackElo "1635"]
[Opening "Trompowsky attack (Ruth, Opocensk? opening)"]
[ECO "A45"]
[NIC "QP.07"]
[Time "21:00:11"]
[TimeControl "2700+10"]

1. d4 Nf6 2. Bg5 Ne4 3. Bf4 c5 4. d5 d6 5. f3 Nf6 6. e4 g6 7. c4 Bg7 8. Nc3
O-O 9. Qd2 Re8 10. Bd3 Nbd7 11. Nge2 a6 12. a4 Ne5 13. O-O Nfd7 14. Ng3 Rb8
15. Be2 Nb6 16. b3 Na8 17. Bh6 Nc7 18. Bxg7 Kxg7 19. f4 Nd7 20. Bd3 e5 21.
f5 Nf6 22. Rf3 Rf8 23. Raf1 Bd7 24. Qe2 Qe8 25. a5 b5 26. axb6 Rxb6 27. Bc2
Qe7 28. Qd2 h6 29. h4 Nce8 30. fxg6 fxg6 31. h5 g5 32. Nf5+ Bxf5 33. Rxf5
Rb8 34. Ne2 Kg8 35. Ng3 Ng7 36. Qe2 Rf7 37. R5f2 Rbf8 38. Bd1 Nd7 39. Rxf7
Rxf7 40. Rxf7 Qxf7 41. Qg4 Qe8 42. Nf5 Nxf5 43. Qxf5 Qf7 44. Qg4 Kg7 45. g3
Nf6 46. Qf5 Nd7 47. Qg4 Nf6 48. Qf5 Nd7 49. Bg4 Qxf5 50. Bxf5 Nb6 51. Kf2
Kf6 52. Ke2 Ke7 53. Kd3 Kd8 54. Kc3 Kc7 55. b4 cxb4+ 56. Kxb4 a5+ 57. Kb5 a4
58. Kb4 a3 59. Kxa3 Nxc4+ 60. Kb4 {Game drawn by mutual agreement} 1/2-1/2

[Event "ICC tourney 1901 (45 10)"]
[Site "Internet Chess Club"]
[Date "2020.07.04"]
[Round "5"]
[White "fishbein"]
[Black "vyomvidy"]
[Result "1/2-1/2"]
[ICCResult "Game drawn by mutual agreement"]
[WhiteElo "1693"]
[BlackElo "1613"]
[Opening "Ruy Lopez: closed, Averbach variation"]
[ECO "C87"]
[NIC "RL.16"]
[Time "21:00:10"]
[TimeControl "2700+10"]

1. e4 e5 2. Nf3 Nc6 3. Bb5 a6 4. Ba4 Nf6 5. O-O Be7 6. Re1 d6 7. c3 Bg4 8.
h3 Bh5 9. d3 Nd7 10. Nbd2 Nc5 11. Bc2 Ne6 12. Nf1 Ng5 13. Bxg5 Bxg5 14. Ng3
Bxf3 15. Qxf3 g6 16. Rad1 Qf6 17. Qxf6 Bxf6 18. Nf1 O-O-O 19. Ne3 Bg5 20. d4
exd4 21. cxd4 Bf6 22. Bb3 Bxd4 23. Bxf7 Bxb2 24. Rb1 Bd4 25. Be6+ Kb8 26.
Bd5 Bb6 27. Bxc6 bxc6 28. Rec1 Kc8 29. Rxc6 Bxe3 30. fxe3 Kd7 31. Rbc1 Rc8
32. e5 Rhe8 33. exd6 cxd6 34. R6c3 Rxc3 35. Rxc3 Re5 36. Ra3 a5 37. Kf2 h5
38. Kf3 Ke6 39. Ra4 g5 40. h4 gxh4 41. Rxh4 Rf5+ 42. Rf4 Rxf4+ 43. exf4 Kf5
44. g3 a4 45. a3 d5 46. Ke3 Kg4 47. Kd4 Kxg3 48. f5 h4 49. f6 h3 50. f7 h2
51. f8=Q h1=Q 52. Qb8+ Kf3 53. Qf8+ Ke2 54. Qe8+ Qe4+ 55. Qxe4+ dxe4 56.
Kxe4 Kf2 57. Kd4 Kf3 58. Kc4 Ke4 59. Kb4 Kd5 60. Kxa4 Kc6 61. Kb4
{Game drawn by mutual agreement}
1/2-1/2

[Event "ICC tourney 1901 (45 10)"]
[Site "Internet Chess Club"]
[Date "2020.07.04"]
[Round "5"]
[White "manest"]
[Black "helavir"]
[Result "1/2-1/2"]
[ICCResult "Game drawn by mutual agreement"]
[WhiteElo "2376"]
[BlackElo "1901"]
[Opening "QGD Slav: exchange, Trifunovic variation"]
[ECO "D14"]
[NIC "SL.02"]
[Time "21:00:16"]
[TimeControl "2700+10"]

1. c4 c6 2. d4 d5 3. Nf3 Nf6 4. cxd5 cxd5 5. Nc3 Nc6 6. Bf4 Bf5 7. e3 e6 8.
Qb3 Bb4 9. Ne5 Qb6 10. Nxc6 bxc6 11. Rc1 O-O 12. Be2 Ne4 13. f3 Nxc3 14.
bxc3 Be7 15. c4 c5 16. cxd5 exd5 17. dxc5 Bxc5 18. Kf2 d4 19. Bc4 dxe3+ 20.
Bxe3 Bxe3+ 21. Qxe3 Qb2+ 22. Kg3 Rae8 23. Qxa7 Be6 24. Qf2 Qe5+ 25. f4 Qh5
26. h3 Bxc4 27. Rxc4 Re2 28. Qf3 Qxf3+ 29. Kxf3 Rxa2
{Game drawn by mutual agreement}
1/2-1/2

[Event "ICC tourney 1901 (45 10)"]
[Site "Internet Chess Club"]
[Date "2020.07.04"]
[Round "5"]
[White "blitzer102"]
[Black "savchess06"]
[Result "0-1"]
[ICCResult "White forfeits on time"]
[WhiteElo "1361"]
[BlackElo "1406"]
[Opening "Queen's pawn game"]
[ECO "A46"]
[NIC "QP.05"]
[Time "21:00:10"]
[TimeControl "2700+10"]

1. d4 Nf6 2. Nf3 e6 3. Bf4 b6 4. e3 c5 5. c4 Bb7 6. d5 exd5 7. Nc3 dxc4 8.
Nb5 Nd5 9. Bd6 a6 10. Bxc4 axb5 11. Bxd5 Bxd5 12. Qxd5 Nc6 13. Ne5 Qf6 14.
Bxf8 Qxe5 15. Qxe5+ Nxe5 16. Bxg7 Nd3+ 17. Ke2 Rg8 18. Bf6 Nb4 19. a3 Nd5
20. Be5 Rxg2 21. Bg3 Ke7 22. Kf3 Rxg3+ 23. hxg3 Nf6 24. g4 d5 25. Rad1 Ke6
26. Rh6 Rg8 27. Rg1 Ke7 28. g5 Ne4 29. Rxb6 Nd6 30. Kf4 h6 31. Rg4 hxg5+ 32.
Rxg5 Rxg5 33. Kxg5 c4 34. Kf4 f6 35. Kg4 Kd7 36. f4 Kc7 37. Ra6 Ne4 38. Re6
Nf2+ 39. Kf5 Nd3 40. Rxf6 Nxb2 41. Ke5 c3 42. Kxd5 Nc4 43. Rh6 c2
{White forfeits on time}
0-1